 Dungeon Crawl Stone Soup version 0.26.1-2-gb8aa6d0cf2 (webtiles) character file.

Game seed: 12696572426939130993

57 spacerossing the Chopper (level 3, -3/43 HPs)
             Began as a Demonspawn Berserker on Mar 20, 2021.
             Was a Believer of Trog.
             Killed from afar by an orc wizard (9 damage)
             ... with a puff of frost
             ... on level 2 of the Dungeon.
             The game lasted 00:02:32 (2202 turns).

spacerossing the Chopper (Demonspawn Berserker)     Turns: 2202, Time: 00:02:32

Health: -3/43      AC:  5    Str: 17    XL:     3   Next: 73%
Magic:  3/3        EV: 12    Int:  8    God:    Trog [**....]
Gold:   129        SH:  0    Dex: 13    Spells: 2/2 levels left

rFire    . . .     SeeInvis .   a - +0 hand axe
rCold    . . .     Faith    .   (no shield)
rNeg     . . .     Spirit   .   h - +0 leather armour
rPois    .         Reflect  .   (no helmet)
rElec    .         Harm     .   (no cloak)
rCorr    .         Rampage  .   (no gloves)
Will     .....                  (no boots)
Stlth    ..........             (no amulet)
HPRegen  0.14/turn              (no ring)
MPRegen  0.08/turn              (no ring)

@: berserking (expiring), very quick
A: molten scales 1
a: Renounce Religion, Berserk, Trog's Hand


You were on level 2 of the Dungeon.
You worshipped Trog.
Trog was pleased with you.
You visited 1 branch of the dungeon, and saw 2 of its levels.

You collected 129 gold pieces.

Inventory:

Hand Weapons
 a - a +0 hand axe (weapon)
 i - a +0 mace of protection
Armour
 h - a +0 leather armour (worn)
Scrolls
 e - a scroll of remove curse
Potions
 c - a potion of lignification
 d - a potion of heal wounds {unknown}
 f - 2 potions of resistance {unknown}
 g - a potion of degeneration {unknown}


   Skills:
 - Level 3.0 Fighting
 * Level 4.3 Axes
 - Level 1.7 Armour
 - Level 1.7 Dodging


You had 2 spell levels left.
You didn't know any spells.
Your spell library was empty.

Dungeon Overview and Level Annotations

Branches:
Dungeon (2/15)

Altars:
Ru


Innate Abilities, Weirdness & Mutations

You are partially covered in molten scales. (AC +2)


Message History

You closely miss the hobgoblin.
The hobgoblin is almost dead.
The orc wizard gestures wildly while chanting.
The orc wizard blinks!
You slash the hobgoblin!
You kill the hobgoblin!
Trog accepts your kill. The orc misses you.
Found a stone staircase leading up.
Items here: )) [ ††.
You barely miss the orc. The orc hits you but does no damage.
You slash the orc!
You kill the orc!
Trog accepts your kill.
The orc wizard gestures at you while chanting.
The magic dart hits you!
* * * LOW HITPOINT WARNING * * *
The orc wizard gestures at you while chanting.
The puff of frost hits you!
You die...

##.....#...............##..#.#.#.
##.##.######......####.##.. .#.#.
##.##.# #.#............. .. #.
......# #.#....####### ## ##
##.#### #.......# .#.# #.......#
.#.# #...††..# .#.#
####.#))..#### ##.#
#......@.....# ...#
#.......o...... ####
.............#. #.##........... #
#.........#$ ...o........
##...<....... .....###.##.


You could see 2 orc wizards.

Vanquished Creatures
  A worm (D:2)
  2 dart slugs (D:1)
  3 orcs (D:2)
  2 bats
  6 giant cockroaches
  4 goblins
  4 hobgoblins
  A quokka (D:2)
  A ball python (D:2)
  4 frilled lizards
  9 kobolds
  7 rats
44 creatures vanquished.

Notes
Turn   | Place    | Note
-------+----------+-------------------------------------------
     0 | D:1      | spacerossing the Demonspawn Berserker began the quest for
                  | the Orb.
     0 | D:1      | Reached XP level 1. HP: 18/18 MP: 1/1
   150 | D:1      | Reached skill level 3 in Axes
   259 | D:1      | Gained mutation: You are partially covered in molten
                  | scales. (AC +2) [demonic ancestry]
   259 | D:1      | Reached XP level 2. HP: 3/24 MP: 2/2
  1298 | D:1      | Reached XP level 3. HP: 29/29 MP: 3/3
  1309 | D:1      | Reached ** piety under Trog
  1542 | D:2      | Reached skill level 4 in Axes
  1861 | D:2      | Found a sacrificial altar of Ru.
  2202 | D:2      | Killed from afar by an orc wizard

Illustrated notes

Levels and vault maps discovered:
D:1:      evilmike_arrival_fibonacci_small, layout_rooms, minmay_tromino_v4_b
D:2:      layout_loops_cross, nicolae_ru_awakened_eye

Skill      XL: |  1  2  3 |
---------------+----------+-----
Axes           | 3 4 |  4.3
Fighting       | |  3.0
Armour         | |  1.7
Dodging        | |  1.7

Action                   || total
-------------------------++-------
Melee: Hand axe          ||   151
Invok: Berserk           ||     3
  Use: Scroll            ||     2
Armor: Animal skin       ||    30
       Leather armour    ||    12
Dodge: Dodged            ||    99
